 Dungeon Crawl Stone Soup version 0.27-a0-1273-gec92ba881d (webtiles) character file.

Game seed: 6428941012781626418

478 night the Chiller (level 7, 0/41 HPs)
             Began as an Octopode Ice Elementalist on June 11, 2021.
             Was an Initiate of Gozag.
             Blown up by Ijyb (20 damage)
             ... with a mindburst bolt
             ... on level 5 of the Dungeon.
             The game lasted 00:13:19 (6202 turns).

night the Chiller (Octopode Ice Elementalist)       Turns: 6202, Time: 00:13:20

Health: 0/41       AC:  1    Str:  4    XL:     7   Next: 11%
Magic:  13/13      EV: 13    Int: 23    God:    Gozag
Gold:   282        SH:  0    Dex: 12    Spells: 2/15 levels left

rFire    + . .     SeeInvis .   b - +7 hunting sling of Eternal Vigilance {flame, rF+ rN+ Str-3 Int+3}
rCold    . . .     Faith    .   (no shield)
rNeg     + . .     Spirit   .   (helmet restricted)
rPois    .         Reflect  .   (no amulet)
rElec    .         Harm     .   (no ring)
rCorr    .         Rampage  .   (no ring)
Will     .....                  (no ring)
Stlth    +++.......             (no ring)
HPRegen  0.13/turn              (no ring)
MPRegen  0.13/turn              (no ring)
                                (no ring)
                                (no ring)

@: no status effects
A: almost no armour, amphibious, 8 rings, camouflage 1, gelatinous body 1,
(nimble swimmer 1), tentacles
a: Renounce Religion, Potion Petition, Call Merchant, Bribe Branch


You were on level 5 of the Dungeon.
You worshipped Gozag.
Gozag was aware of your devotion.
You visited 2 branches of the dungeon, and saw 6 of its levels.

You collected 362 gold pieces.
You paid 80 gold pieces to Gozag.

Inventory:

Hand Weapons
 a - a +1 dagger of protection
 b - the +7 hunting sling of Eternal Vigilance (weapon) {flame, rF+ rN+ Str-3 Int+3}
   (You found it on level 4 of the Dungeon)

   It causes projectiles fired from it to burn those they strike, causing extra
   injury to most foes and up to half again as much damage against particularly
   susceptible opponents.
   It affects your strength (-3).
   It affects your intelligence (+3).
   It protects you from fire.
   It protects you from negative energy.
 d - a +0 dagger
 h - a +0 spear
Missiles
 c - 15 poisoned darts
 m - 109 stones (quivered ammo)
 s - 4 datura-tipped darts
 u - 3 boomerangs
Armour
 j - a +0 buckler
Jewellery
 g - a +4 ring of protection
 o - a ring of see invisible
Scrolls
 f - a scroll of brand weapon {unknown}
 k - 2 scrolls of fear {unknown}
 l - a scroll of enchant weapon {unknown}
 n - 4 scrolls of identify {unknown}
 p - a scroll of blinking {unknown}
 q - 3 scrolls of magic mapping {unknown}
Potions
 e - 2 potions of might
 i - a potion of invisibility {unknown}
 r - a potion of curing {unknown}
 t - a potion of lignification {unknown}
 v - a potion of heal wounds {unknown}


   Skills:
 - Level 2.0 Dodging
 - Level 2.6 Stealth
 + Level 4.6 Spellcasting
 + Level 6.1 Ice Magic
 * Level 3.3 Poison Magic


You had 2 spell levels left.
You knew the following spells:

 Your Spells              Type           Power      Damage    Failure   Level
a - Freeze                Ice            100%       1d11      1%          1
b - Frozen Ramparts       Ice            66%        1d8       2%          3
c - Ozocubu's Armour      Ice            33%        N/A       2%          3
d - Poisonous Vapours     Pois/Air       26%        N/A       8%          2
e - Olgreb's Toxic Radia  Pois           20%        N/A       24%         4

Your spell library contained the following spells:

 Spells                   Type           Power      Damage    Failure   Level
 Sting                    Tmut/Pois      52%        1d5       4%          1
 Magic Dart               Conj           20%        1d4       10%         1
 Blink                    Tloc           N/A        N/A       16%         2
 Call Imp                 Summ           5%         N/A       16%         2
 Slow                     Hex            5%         N/A       16%         2
 Ignite Poison            Fire/Tmut/Pois 10%        N/A       19%         3
 Mephitic Cloud           Conj/Pois/Air  10%        N/A       19%         3
 Hailstorm                Conj/Ice       19%        3d6       28%         4
 Conjure Flame            Conj/Fire      5%         6-21      30%         3
 Metabolic Englaciation   Hex/Ice        9%         N/A       61%         5


Dungeon Overview and Level Annotations

Branches:
Dungeon (5/15)             Temple (1/1) D:4

Altars:
Ashenzari
Cheibriados
Dithmenos
Elyvilon
Fedhas
Gozag
Hepliaklqana
Kikubaaqudgha
Makhleb
Nemelex Xobeh
Okawaru
Qazlal
Ru
Sif Muna
Trog
Uskayaw
Vehumet
Wu Jian
Xom
Yredelemnul
Zin
The Shining One

Shops:
D:2 *

Annotations:
D:5 Ijyb


Innate Abilities, Weirdness & Mutations

You cannot wear most types of armour.
You are amphibious.
You can wear up to eight rings at the same time.
Your skin changes colour to match your surroundings (Stealth+).
Your rubbery body absorbs attacks. (AC +1, EV +1)
((You are camouflaged near water. (Stealth+)))
You have tentacles for arms and can constrict up to eight enemies at once.


Message History

You now have 274 gold pieces (gained 5).
You start resting.
Magic restored.
You start resting.
HP restored.
Found a plate armour.
You now have 282 gold pieces (gained 8).
m - 111 stones (gained 1)
m - 112 stones (gained 1)
You open the door.
There is an open door here.
v - a cyan potion
There is an open door here.
Ijyb the Twisted Goblin comes into view.
She is wielding a +0 dagger and carrying a wand of mindburst (16).
Your +1 dagger of protection goes still.
You feel weaker.
You feel clever.
The +7 hunting sling of Eternal Vigilance {flame, rF+ rN+ Str-3 Int+3} bursts into flame!
b - the +7 hunting sling of Eternal Vigilance (weapon)
{flame, rF+ rN+ Str-3 Int+3} Fire: 112 stones
Press: ? - help, Q - select action, (/) - cycle Shift-Dir - straight line, f - Ijyb
Aim: Ijyb, wielding a +0 dagger, wearing a +0 leather armour and carrying a wand of mindburst (16) (asleep, 98% to hit)
You shoot a stone. The stone hits Ijyb.
The stone burns Ijyb.
Ijyb shouts!
Ijyb is moderately wounded.
You hear a shout!
A quokka comes into view.
Ijyb zaps a wand.
Your mind is blasted!
Ouch! That really hurt!
Fire: 111 stones
Press: ? - help, Q - select action, (/) - cycle Shift-Dir - straight line, f/p - Ijyb
Aim: Ijyb, wielding a +0 dagger, wearing a +0 leather armour and carrying a wand of mindburst (15) (moderately wounded, 59% to hit)
You shoot a stone. The stone closely misses Ijyb.
Fire: 110 stones
Press: ? - help, Q - select action, (/) - cycle Shift-Dir - straight line, f/p - Ijyb
Aim: Ijyb, wielding a +0 dagger, wearing a +0 leather armour and carrying a wand of mindburst (15) (moderately wounded, 59% to hit)
You shoot a stone. The stone hits Ijyb but does no damage.
Ijyb is moderately wounded.
Ijyb zaps a wand.
Your mind is blasted!
You die...

... .≈( ...g. ...r.
#########+.....
#...........#
#...........#
#......@....#
#...........#
#...........#
#....##.....# ##
#....##.....# ...
###'###..##.## #.##
#.....#..#...### ##...#
#.....#..+.8...###...8..
#.....#..#.............#


You could see Ijyb and a quokka.

Vanquished Creatures
  An ogre (D:5)
  A necrophage (D:4)
  A howler monkey (D:4)
  2 hounds (D:4)
  A jelly (D:4)
  7 adders
  2 adder skeletons (D:4)
  2 worms
  6 dart slugs
  4 orcs
  12 ball pythons
  9 endoplasms
  4 giant cockroaches
  9 goblins
  8 hobgoblins
  2 jackals (D:4)
  11 bats
  2 frilled lizards (D:3)
  2 kobolds
  10 rats
96 creatures vanquished.

Notes
Turn   | Place    | Note
-------+----------+-------------------------------------------
     0 | D:1      | night the Octopode Ice Elementalist began the quest for the
                  | Orb.
     0 | D:1      | Reached XP level 1. HP: 11/11 MP: 3/3
    42 | D:1      | Found a faded altar of an unknown god.
   492 | D:1      | Reached XP level 2. HP: 15/17 MP: 1/5
  1406 | D:1      | Reached XP level 3. HP: 21/21 MP: 6/6
  1788 | D:2      | HP: 1/21 [worm (11)]
  2082 | D:1      | Learned a level 3 spell: Frozen Ramparts
  2086 | D:1      | Learned a level 3 spell: Ozocubu's Armour
  2456 | D:2      | Reached XP level 4. HP: 27/27 MP: 5/8
  2578 | D:2      | Found Liseq's General Store.
  2870 | D:2      | Reached skill level 5 in Ice Magic
  3428 | D:3      | Reached XP level 5. HP: 31/31 MP: 10/10
  4024 | D:4      | Found a broken altar of Ashenzari.
  4261 | D:4      | Learned a level 2 spell: Poisonous Vapours
  4648 | D:4      | Reached skill level 1 in Poison Magic
  4648 | D:4      | Reached XP level 6. HP: 36/36 MP: 8/12
  4653 | D:4      | Learned a level 4 spell: Olgreb's Toxic Radiance
  4694 | D:4      | Found a staircase to the Ecumenical Temple.
  4705 | D:4      | Identified the +7 hunting sling of Eternal Vigilance
                  | {flame, rF+ rN+ Str-3 Int+3}
  4711 | Temple   | Entered the Ecumenical Temple
  5391 | Temple   | Became a worshipper of Gozag Ym Sagoz the Greedy
  5477 | D:4      | Noticed a necrophage
  5489 | D:4      | Killed a necrophage
  5490 | D:4      | Reached skill level 2 in Poison Magic
  5873 | D:4      | Reached skill level 6 in Ice Magic
  5951 | D:5      | Entered Level 5 of the Dungeon
  5960 | D:5      | Reached XP level 7. HP: 19/41 MP: 4/13
  6198 | D:5      | Noticed Ijyb
  6202 | D:5      | Blown up by Ijyb

Illustrated notes

Levels and vault maps discovered:
D:1:      nicolae_arrival_memento_mori, layout_loops_corners,
          shapermc_ecumenical_altar_flowoftime
D:2:      cheibrodos_greedy_goblins, layout_basic, serial_shops,
          nicolae_shop_statue_plus, minmay_tromino_v4_a
D:3:      layout_loops_ring
D:4:      layout_basic, amcnicky_altar_gilded, minmay_temple_entry_antechambers
D:5:      minmay_angry_zag, layout_gridville, serial_shops, shop,
          grunt_ministairs_13, skrybe_limestone_x, hangedman_decor_riveting,
          uniq_ijyb
Temple:   nicolae_temple_the_god_donut

Skill      XL: |  1  2  3  4  5  6 |
---------------+-------------------+-----
Spellcasting   | 3 4 |  4.6
Ice Magic      | 5 6 |  6.1
Poison Magic   | 1 3 |  3.3
Dodging        | |  2.0
Stealth        | |  2.6

Action                   |  1- 3 |  4- 6 |  7- 9 || total
-------------------------+-------+-------+-------++-------
Melee: Unarmed           |    11 |       |       ||    11
       Constrict         |    13 |    27 |     1 ||    41
       Dagger            |    27 |    88 |     4 ||   119
       Tentacles         |     5 |    19 |       ||    24
 Fire: Hunting sling     |       |     5 |     3 ||     8
 Cast: Freeze            |    34 |    10 |       ||    44
       Frozen Ramparts   |     1 |    19 |       ||    20
       Ozocubu's Armour  |     1 |     4 |       ||     5
       Poisonous Vapours |       |     1 |       ||     1
  Use: Potion            |     1 |       |       ||     1
 Stab: Sleeping          |    11 |     9 |       ||    20
Armor: Skin              |    14 |    22 |     1 ||    37
Dodge: Dodged            |    39 |    55 |     3 ||    97

Table legend: (Time is in decaauts)
 A = Elapsed time spent in this place.
 B = Non-inter-level travel time spent in this place.
 C = Inter-level travel time spent in this place.
 D = Time resting spent in this place.
 E = Time spent auto-exploring this place.
 F = Levels seen in this place.
 G = Mean time per level.
                   A        B        C        D        E       F      G
               +--------+--------+--------+--------+--------+-----+--------+
         Total |   6200 |   6005 |    195 |   1189 |   4095 |   6 | 1033.3 |
       Dungeon |   5509 |   5365 |    144 |   1189 |   3457 |   5 | 1101.8 |
        Temple |    690 |    639 |     51 |      0 |    638 |   1 |  690.0 |
               +--------+--------+--------+--------+--------+-----+--------+

Top non-repeatable levels by time:
     D:1: 1787 daAuts
     D:2: 1461 daAuts
     D:4: 1258 daAuts
     D:3: 751 daAuts
  Temple: 690 daAuts
     D:5: 250 daAuts
